 Dungeon Crawl Stone Soup version 0.30.1-4-g462c640d31 (webtiles) character file.

Game seed: 8929754133863996498

11361 FishyPogo the Destroyer (level 11, -6/54 HPs)
             Began as a Deep Elf Conjurer on Aug 13, 2023.
             Was an Elder of Elyvilon.
             Killed from afar by a rime drake (17 damage)
             ... with an icy flash freeze
             ... on level 11 of the Dungeon on Aug 16, 2023.
             The game lasted 01:00:35 (11762 turns).

FishyPogo the Destroyer (Deep Elf Conjurer)        Turns: 11762, Time: 01:00:35

Health: -6/54      AC: 10    Str:  9    XL:     11   Next: 48%
Magic:  15/34      EV: 12    Int: 36    God:    Elyvilon [****..]
Gold:   758        SH:  6    Dex: 12    Spells: 17/26 levels left

rFire   . . .        Q - +10 hand axe "Kymyul" {venom, Contam rPois rN+ Int+4}
rCold   . . .        K - +1 buckler
rNeg    + + .        N - +2 robe {rN+}
rPois   +            z - +2 helmet
rElec   +            w - +0 cloak
rCorr   +            T - +0 pair of gloves
SInv    .            H - +0 pair of boots
Will    ++...        d - amulet of the acrobat
Stlth   ++           g - ring "Ojehemnisa" {rElec Will+ rCorr Str+6 Slay+2}
HPRegen 0.29/turn    U - ring of magical power
MPRegen 0.24/turn

%: acrobat
@: no status effects
A: clever 1, poison resistance
a: Renounce Religion, Purification, Heal Other, Heal Self


You were on level 11 of the Dungeon.
You worshipped Elyvilon.
Elyvilon was greatly pleased with you.
You visited 2 branches of the dungeon, and saw 14 of its levels.

You collected 982 gold pieces.
You spent 224 gold pieces at shops.

Inventory:

Hand Weapons
 E - the +3 hammer "Ogyigg" {holy, rN++ Str-4 Int-4 SInv}
   (You found it on level 3 of the Dungeon)

   Str:       It affects your strength (-4).
   Int:       It affects your intelligence (-4).
   rN:        It greatly protects you from negative energy.
   SInv:      It lets you see invisible.
 M - a +5 falchion
 Q - the +10 hand axe "Kymyul" (weapon) {venom, Contam rPois rN+ Int+4}
   (You bought it in a shop on level 7 of the Dungeon)

   Int:       It affects your intelligence (+4).
   rPois:     It protects you from poison.
   rN:        It protects you from negative energy.
   Contam:    It causes magical contamination when unequipped.
Missiles
 c - a throwing net
 k - 6 javelins
 r - 96 stones
 y - 17 poisoned darts
 L - 6 atropa-tipped darts
Armour
 w - a +0 cloak (worn)
 z - a +2 helmet (worn)
 H - a +0 pair of boots (worn)
 K - a +1 buckler (worn)
 N - a +2 robe of positive energy (worn)
 R - a +1 ring mail of fire resistance
 T - a +0 pair of gloves (worn)
Magical Staves
 a - a staff of conjuration
 b - a staff of poison
Jewellery
 d - an amulet of the acrobat (around neck)
 g - the ring "Ojehemnisa" (left hand) {rElec Will+ rCorr Str+6 Slay+2}
   (You found it on level 2 of the Dungeon)

   [ring of strength]

   Str:       It affects your strength (+6).
   Slay:      It affects your accuracy & damage with ranged weapons and melee
   (+2).
   rElec:     It insulates you from electricity.
   rCorr:     It protects you from acid and corrosion.
   Will:      It increases your willpower.
 v - a ring of poison resistance
 I - a ring of ice
 U - a ring of magical power (right hand)
Wands
 t - a wand of flame (7)
 D - a wand of mindburst (10)
 F - a wand of paralysis (6)
 J - a wand of iceblast (13)
 O - a wand of acid (5)
 W - a wand of polymorph (8)
Scrolls
 f - 2 scrolls of teleportation
 l - 2 scrolls of immolation
 n - 8 scrolls of identify
 o - 3 scrolls of poison
 p - 2 scrolls of noise
 u - a scroll of torment
 A - a scroll of vulnerability
 G - a scroll of silence
 P - a scroll of enchant armour
 S - 2 scrolls of amnesia
Potions
 i - 3 potions of might
 m - a potion of heal wounds
 q - a potion of berserk rage
 x - 2 potions of magic
 B - 4 potions of flight
 C - 3 potions of curing
 V - a potion of haste


   Skills:
 + Level 3.2 Axes
 - Level 6.0 Staves
 - Level 1.0 Throwing
 + Level 2.6 Armour
 - Level 3.0 Dodging
 - Level 3.0 Stealth
 - Level 4.0 Shields
 - Level 8.0 Spellcasting
 + Level 10.3 Conjurations
 - Level 5.0 Hexes
 * Level 4.5 Translocations
 - Level 4.0 Ice Magic
 - Level 5.0 Poison Magic
 * Level 4.9 Invocations
 - Level 7.0 Evocations


You had 17 spell levels left.
You knew the following spells:

 Your Spells              Type           Power      Damage    Failure   Level
a - Magic Dart            Conj           100%       1d8       1%          1
b - Searing Ray           Conj           100%       2d8       1%          2
c - Fulminant Prism       Conj/Hex       31%        3d16      1%          4
h - Ensorcelled Hibernat  Hex/Ice        92%        N/A       1%          2

Your spell library contained the following spells:

 Spells                   Type           Power      Damage    Failure   Level
 Kiss of Death            Conj/Necr      100%       2d13      1%          1
 Shock                    Conj/Air       100%       1d9       1%          1
 Blink                    Tloc           94%        N/A       1%          2
 Confusing Touch          Hex            50%        N/A       1%          3
 Dazzling Flash           Conj/Hex       100%       N/A       1%          3
 Iskenderun's Mystic Bla  Conj/Tloc      62%        2d13      1%          4
 Spider Form              Tmut/Pois      32%        N/A       4%          3
 Passwall                 Tmut/Erth      11%        N/A       6%          2
 Manifold Assault         Tloc           47%        N/A       6%          4
 Swiftness                Air            14%        N/A       12%         3
 Anguish                  Hex/Necr       16%        N/A       14%         4
 Airstrike                Air            7%         2d(1-17)  38%         4
 Dispel Undead            Necr           14%        3d10      38%         4
 Storm Form               Tmut/Air       7%         N/A       100%        7


Dungeon Overview and Level Annotations

Branches:
Dungeon (13/15)            Temple (1/1) D:5             Orc (0/2) D:9
   Lair: D:8-11      Vaults: D:13-14

Altars:
Ashenzari
Cheibriados
Dithmenos
Elyvilon
Fedhas
Gozag
Hepliaklqana
Kikubaaqudgha
Makhleb
Nemelex Xobeh
Okawaru
Qazlal
Ru
Sif Muna
Trog
Uskayaw
Vehumet
Wu Jian
Xom
Yredelemnul
Zin
The Shining One

Shops:
D:2 *   D:7 !(   D:8 :

Portals:
Trove: D:11 (give +7 demon trident)
Ice
Cave: D:11


Innate Abilities, Weirdness & Mutations

Your mind is acute. (Int +4, Str/Dex -1)
Your system is resistant to poisons. (rPois)


Message History

Press: ? - help, Shift-Dir - straight line The searing ray hits the two-headed ogre!
The two-headed ogre is heavily wounded. (Press . to maintain the ray.)
The two-headed ogre hits you with a +0 giant club!
Elyvilon protects you from harm!
The two-headed ogre hits you with a +0 giant spiked club!
* * * LOW HITPOINT WARNING * * *
Your fulminant prism explodes!
The blast of energy engulfs the two-headed ogre!!
You kill the two-headed ogre!
Unknown command.
Saving game... please wait.
You feel a wave of frost pass over you.
There is an entrance to an ice cave on this level.
Hurry and find it before the portal melts!
Welcome back, FishyPogo the Deep Elf Conjurer.
Elyvilon says: Go forth and aid the weak!
Press ? for a list of commands and other information.
Unknown command.
Okay, then.
Things that are here:
a +0 giant spiked club; a +0 giant club You hear the loud crackling of a melting archway. 2 rime drakes come into view.
Found 4 stones.
Found a frozen archway.
The rime drake hisses angrily.
Okay, then.
Cast which spell? (? or * to list)
Aiming: Fulminant Prism (dangerous; 1% risk of failure)
Press: ? - help, Dir - move target You conjure a prism of explosive energy!
The rime drake hisses angrily.
A fulminant prism comes into view.
The rime drake breathes ice at you. The icy flash freeze misses you.
You slice the rime drake!!
The rime drake is heavily wounded.
The rime drake breathes ice at you. The icy flash freeze hits you!
You die...

... .. .....# #
###.....## #.
#.........
#..###.#.....#
#..≈...#.....
#..@.#..#.##
#≈kk#...#.#.#
#≈...#≈..#..# ##
#≈...*.#≈..#.###.###
#.....∩#≈....#......
#..#####≈...........
##..≈≈≈≈≈..........
#......###....###
...### ##.#.###


You could see 2 rime drakes and a friendly fulminant prism.

Vanquished Creatures
  3 two-headed ogres
  Lodul (D:10)
  Pikel (D:4)
  A cyclops (D:11)
  An unseen horror (D:11)
  3 trolls
  A shadow (D:11)
  2 wyverns (D:9)
  8 yaks
  3 vampire mosquitoes (D:11)
  Menkaure (D:4)
  3 wargs (D:9)
  2 acid dragons
  An ice beast (D:6)
  An orc warrior (D:8)
  2 sky beasts (D:7)
  11 ogres
  3 black bears
  4 centaurs
  2 lemures (D:4)
  2 phantoms
  A kobold brigand (D:9)
  5 bullfrogs
  2 gnoll sergeants
  5 scorpions
  17 wights
  A howler monkey (D:7)
  3 hounds
  3 orc priests
  Crazy Yiuf (D:3)
  3 jellies
  A gnoll bouda (D:5)
  4 iguanas
  Jessica (D:3)
  Ijyb (D:3)
  Natasha (thrice) (D:2)
  3 orc wizards
  A hell rat (D:11)
  Robin (D:3)
  11 gnolls
  10 adders
  2 shadow imps (D:6)
  A white imp (D:7)
  2 worms
  A dart slug (D:2)
  27 orcs
  7 ball pythons
  6 bats
  7 endoplasms
  8 giant cockroaches
  14 goblins
  7 hobgoblins
  2 jackals (D:4)
  4 quokkas
  2 frilled lizards
  10 kobolds
  5 rats
  2 fulminant prisms
240 creatures vanquished.

Vanquished Creatures (others)
  23 fulminant prisms
23 creatures vanquished.

Grand Total: 263 creatures vanquished

Notes
Turn   | Place    | Note
-------+----------+-------------------------------------------
     0 | D:1      | FishyPogo the Deep Elf Conjurer began the quest for the
                  | Orb.
     0 | D:1      | Reached XP level 1. HP: 10/10 MP: 6/6
   128 | D:1      | Reached XP level 2. HP: 14/15 MP: 1/8
   523 | D:1      | Found a faded altar of an unknown god.
   790 | D:2      | Identified the ring "Ojehemnisa" {rElec Will+ rCorr Str+6
                  | Slay+2}
   801 | D:2      | Learned a level 2 spell: Ensorcelled Hibernation
   826 | D:2      | Reached XP level 3. HP: 8/19 MP: 1/10
   900 | D:2      | Noticed Natasha
   908 | D:2      | Killed Natasha
   909 | D:2      | Reached skill level 1 in Hexes
  1143 | D:2      | Reached skill level 1 in Staves
  1166 | D:2      | Reached skill level 1 in Evocations
  1166 | D:2      | Reached XP level 4. HP: 24/24 MP: 9/12
  1202 | D:2      | Found Jeownu's General Store.
  1721 | D:2      | Noticed Natasha
  1726 | D:2      | Killed Natasha
  1960 | D:2      | Noticed Natasha
  1966 | D:2      | Killed Natasha
  2202 | D:3      | Reached XP level 5. HP: 18/28 MP: 6/13
  2210 | D:3      | Noticed Robin
  2214 | D:3      | Killed Robin
  2294 | D:3      | Noticed Ijyb
  2429 | D:3      | Learned a level 2 spell: Searing Ray
  2667 | D:3      | Noticed Jessica
  2671 | D:3      | Killed Jessica
  2676 | D:3      | Found an opulent altar of Gozag.
  2939 | D:3      | Killed Ijyb
  2940 | D:3      | Reached skill level 5 in Spellcasting
  2940 | D:3      | Reached skill level 5 in Conjurations
  3109 | D:3      | Found a runed translucent door.
  3110 | D:3      | Noticed Crazy Yiuf
  3117 | D:3      | Killed Crazy Yiuf
  3118 | D:3      | Reached XP level 6. HP: 31/32 MP: 9/15
  3121 | D:3      | Identified the +3 hammer "Ogyigg" {holy, rN++ Str-4 Int-4
                  | SInv}
  3461 | D:4      | Learned a level 4 spell: Fulminant Prism
  3641 | D:4      | Noticed Pikel
  3648 | D:4      | Killed Pikel
  3649 | D:4      | Reached skill level 6 in Conjurations
  3649 | D:4      | Reached skill level 5 in Hexes
  3649 | D:4      | Reached XP level 7. HP: 36/36 MP: 8/18
  3723 | D:4      | Noticed Menkaure
  3728 | D:4      | Killed Menkaure
  3776 | D:4      | Found a hide-covered altar of Uskayaw.
  3979 | D:4      | Reached XP level 8. HP: 29/41 MP: 10/19
  4486 | D:5      | Entered Level 5 of the Dungeon
  4542 | D:5      | Reached skill level 5 in Evocations
  4599 | D:5      | Reached skill level 5 in Staves
  4607 | D:5      | Reached skill level 1 in Throwing
  4626 | D:5      | Reached skill level 1 in Ice Magic
  4647 | D:5      | HP: 3/61 [gnoll/+0 halberd[a gnoll bouda] (10)]
  4653 | D:5      | Gained mutation: Your system is resistant to poisons.
                  | (rPois) [potion of mutation]
  4653 | D:5      | Gained mutation: Your mind is acute. (Int +4, Str/Dex -1)
                  | [potion of mutation]
  4668 | D:5      | Reached skill level 1 in Poison Magic
  4801 | D:5      | Found a staircase to the Ecumenical Temple.
  4807 | Temple   | Entered the Ecumenical Temple
  5574 | D:5      | Reached skill level 7 in Conjurations
  5831 | D:6      | Reached XP level 9. HP: 35/45 MP: 9/21
  5999 | D:6      | Found a white marble altar of Elyvilon.
  6099 | D:6      | Became a worshipper of Elyvilon the Healer
  6541 | D:6      | Reached skill level 1 in Translocations
  6815 | D:6      | Found a shimmering blue altar of Sif Muna.
  6815 | D:6      | Found a bloodstained altar of Trog.
  6816 | D:6      | Found a basalt altar of Yredelemnul.
  7164 | D:7      | Found Ewkat's Distillery.
  7201 | D:7      | Reached skill level 8 in Conjurations
  7354 | D:7      | Found Vezygredop's Antique Weapon Shop.
  7453 | D:7      | Reached * piety under Elyvilon
  7531 | D:7      | Learned a level 1 spell: Shock
  7857 | D:7      | Found a burning altar of Makhleb.
  8221 | D:8      | Found Soiheut's Book Shop.
  8250 | D:8      | Reached skill level 1 in Shields
  8256 | D:8      | Reached XP level 10. HP: 50/50 MP: 12/23
  8350 | D:7      | Bought a masterwork hand axe for 224 gold pieces
  8350 | D:7      | Identified the +10 hand axe "Kymyul" {venom, Contam rPois
                  | rN+ Int+4} (You bought it in a shop on level 7 of the
                  | Dungeon)
  8430 | D:8      | Found a blossoming altar of Fedhas.
  8626 | D:8      | Reached ** piety under Elyvilon
  8751 | D:8      | Found a snail-covered altar of Cheibriados.
  9168 | D:9      | Noticed a two-headed ogre
  9174 | D:9      | Killed a two-headed ogre
  9175 | D:9      | Reached skill level 1 in Axes
  9200 | D:9      | Reached skill level 9 in Conjurations
  9200 | D:9      | Reached skill level 1 in Invocations
  9634 | D:9      | Found a shadowy altar of Dithmenos.
  9756 | D:9      | Found a staircase to the Orcish Mines.
  9962 | D:9      | Found a sparkling altar of Nemelex Xobeh.
 10024 | D:9      | Reached skill level 1 in Armour
 10089 | D:9      | Reached skill level 5 in Poison Magic
 10319 | D:9      | Found a radiant altar of Vehumet.
 10341 | D:10     | Entered Level 10 of the Dungeon
 10346 | D:10     | Reached *** piety under Elyvilon
 10517 | D:10     | Noticed Lodul
 10536 | D:10     | Killed Lodul
 10537 | D:10     | Reached XP level 11. HP: 30/54 MP: 0/25
 10709 | D:10     | Reached skill level 10 in Conjurations
 10847 | D:10     | Identified the +0 robe of a treasure trove {Will+}
 10948 | D:10     | Found a sacrificial altar of Ru.
 11247 | D:11     | Identified a scroll of acquirement
 11247 | D:11     | Acquired 366 gold pieces
 11312 | D:11     | Noticed a two-headed ogre
 11315 | D:11     | Noticed a boulder beetle
 11330 | D:11     | Killed a two-headed ogre
 11332 | D:11     | Noticed a death drake
 11432 | D:11     | Found a portal to a secret trove of treasure.
 11456 | D:11     | Noticed a death yak
 11471 | D:11     | Noticed a death yak
 11536 | D:11     | Noticed a six-headed hydra
 11536 | D:11     | You fall into a shaft and drop 2 floors!
 11617 | D:13     | Noticed a cyan ugly thing
 11622 | D:13     | Noticed a boulder beetle
 11630 | D:13     | Noticed a tengu warrior
 11696 | D:11     | Reached **** piety under Elyvilon
 11724 | D:11     | Noticed a two-headed ogre
 11728 | D:11     | Elyvilon protects you from harm!
 11728 | D:11     | HP: 1/54 [two-headed ogre/+0 giant club (8)]
 11728 | D:11     | Killed a two-headed ogre
 11760 | D:11     | Found a frozen archway.
 11762 | D:11     | Killed from afar by a rime drake

Illustrated notes

Levels and vault maps discovered:
D:1:      dpeg_arrival_orchard, layout_rooms,
          hellmonk_ecumenical_altar_arch_garden, minivault_11,
          minmay_misc_feat_rugged
D:2:      layout_basic, serial_shops, nicolae_shop_back_alley_shop, uniq_natasha
D:3:      layout_loops_ring, grunt_gozag_breadcrumbs,
          amcnicky_mini_corridor_feature, uniq_crazy_yiuf_cottage, uniq_ijyb,
          uniq_jessica, uniq_robin
D:4:      layout_basic, lemuel_coloured_pillars_altar, uniq_menkaure, uniq_pikel
D:5:      layout_loops_ring, minmay_temple_entry_waves, kennysheep_path_1,
          grunt_ministairs_10
D:6:      layout_loops_cross, lemuel_round_altar, gammafunk_temple_overflow_claw
D:7:      layout_rooms, lightli_temple_of_fire, serial_shops, shop, shop
D:8:      layout_gridville, lemuel_crystal_altar, cheibrodos_worm_habitat,
          serial_shops, nicolae_shop_hallway_plus
D:9:      layout_loops_ring, mainiacjoe_overflow_boulevard,
          mainiacjoe_overflow_surrounded_room, kennysheep_mini,
          minmay_orc_entry_guard_dogs
D:10:     layout_basic, kennysheep_little_box,
          eino_small_chamber_without_monster, nicolae_figureground_pulse,
          uniq_lodul
D:11:     minmay_the_grid_triangle_9x9_recursive_2
          [minmay_the_grid_triangle_9x9_prize_special,
          minmay_the_grid_triangle_9x9_empty,
          minmay_the_grid_triangle_9x9_swiss_cheese,
          minmay_the_grid_triangle_9x9_longest], layout_loops_ring,
          dpeg_lair_monsters, enter_trove_1, portal_ice_cave_rime
D:12:     layout_roguey
D:13:     minmay_angry_zag, layout_rooms, hangedman_vaults_entry_quadrant_bands,
          biasface_ghost_orc_armoury, uniq_erolcha
Temple:   jpeg_temple_island

Skill      XL: |  1  2  3  4  5  6  7  8  9 10 11 |
---------------+----------------------------------+-----
Dodging        | 3 |  3.0
Stealth        | 3 |  3.0
Hexes          | 1 2 3 5 |  5.0
Staves         | 1 3 4 5 6 |  6.0
Spellcasting   | 4 5 6 7 8 |  8.0
Evocations     | 1 2 3 4 5 6 7 |  7.0
Conjurations   | 5 6 7 8 9 10 | 10.3
Throwing       | 1 |  1.0
Ice Magic      | 2 4 |  4.0
Poison Magic   | 2 3 5 |  5.0
Translocations | 2 3 4 |  4.5
Shields        | 1 3 4 |  4.0
Axes           | 2 3 |  3.2
Invocations    | 2 4 |  4.9
Armour         | 1 2 |  2.6

Action                     |  1- 3 |  4- 6 |  7- 9 | 10-12 || total
---------------------------+-------+-------+-------+-------++-------
  Melee: Staff             |    11 |    53 |    64 |       ||   128
         Hand axe          |       |       |       |    37 ||    37
   Cast: Magic Dart        |    41 |   110 |   191 |    44 ||   386
         Ensorcelled Hiber |     4 |       |       |       ||     4
         Searing Ray       |       |     5 |    37 |    37 ||    79
         Fulminant Prism   |       |       |       |    26 ||    26
  Evoke: Wand              |       |     4 |     1 |     1 ||     6
    Use: Potion            |       |       |     5 |     3 ||     8
         Scroll            |       |       |       |    16 ||    16
   Stab: Sleeping          |     1 |     1 |       |       ||     2
 Armour: Robe              |     3 |     7 |    28 |    17 ||    55
         Animal skin       |       |    13 |       |       ||    13
         Skin              |       |       |    29 |       ||    29
  Dodge: Dodged            |     9 |    41 |    92 |    96 ||   238
  Block: Buckler           |       |       |     2 |    21 ||    23
